 Dungeon Crawl Stone Soup version 0.30.0-17-ge0270778cf (webtiles) character file.

Game seed: 15404173210310682861

18 monsoonserge the Sneak (level 2, 0/13 HPs)
             Began as a Spriggan Enchanter on May 23, 2023.
             Slain by a gnoll
             ... wielding a +0 flail
              (8 damage)
             ... on level 1 of the Dungeon.
             The game lasted 00:00:55 (355 turns).

monsoonserge the Sneak (Spriggan Enchanter)          Turns: 355, Time: 00:00:55

Health: 0/13       AC:  2    Str:  4    XL:     2   Next: 48%
Magic:  6/6        EV: 17    Int: 16    God:
Gold:   17         SH:  0    Dex: 15    Spells: 6/6 levels left

rFire   . . .        a - +1 dagger
rCold   . . .        (no shield)
rNeg    . . .        b - +0 robe
rPois   .            (helmet restricted)
rElec   .            (no cloak)
rCorr   .            (gloves unavailable)
SInv    +            (boots unavailable)
Will    .....        (no amulet)
Stlth   +++          (no ring)
HPRegen 0.22/turn    (no ring)
MPRegen 0.10/turn

%: no passive effects
@: very quick
A: very small, no large weapons, unfitting armour, see invisible, speed 3
a: no special abilities


You were on level 1 of the Dungeon.
You visited 1 branch of the dungeon, and saw 1 of its levels.

You collected 17 gold pieces.

Inventory:

Hand Weapons
 a - a +1 dagger (weapon)
Armour
 b - a +0 robe (worn)
Scrolls
 d - a scroll of amnesia {unknown}
Potions
 c - 2 potions of invisibility


   Skills:
 + Level 1.2 Short Blades
 + Level 2.9 Dodging
 + Level 4.7 Stealth
 + Level 2.7 Spellcasting
 + Level 4.3 Hexes


You had 6 spell levels left.
You didn't know any spells.
Your spell library contained the following spells:

 Spells                   Type           Power      Damage    Failure   Level
 Confusing Touch          Hex            16%        N/A       10%         3
 Tukima's Dance           Hex            16%        N/A       10%         3
 Ensorcelled Hibernation  Hex/Ice        18%        N/A       12%         2
 Dazzling Flash           Conj/Hex       18%        N/A       24%         3


Dungeon Overview and Level Annotations

Branches:
Dungeon (1/15)

Altars:


Innate Abilities, Weirdness & Mutations

You are very small and have problems with some larger weapons.
You are too small for most types of armour.
You have supernaturally acute eyesight. (SInv)
You cover ground extremely quickly. (Speed+++)


Message History

You closely miss the goblin. The goblin barely misses you.
You barely miss the goblin. You completely miss the kobold.
The kobold hits you with a +0 dagger.
You hit the kobold.
You kill the kobold!
You hit the goblin.
The goblin is severely wounded.
The goblin closely misses you.
You hit the goblin.
You kill the goblin!
Items here: ( )) †.
Found a pair of boots.
You see here a +0 pair of boots.
A rat comes into view.
The rat barely misses you.
You hit the rat.
You kill the rat!
You open the door.
There is an open door here.
You see here a +0 club.
A rat comes into view.
You hit the rat.
You kill the rat!
You open the door.
A gnoll comes into view. It is wielding a +0 flail.
There is an open door here.
The gnoll shouts!
The gnoll completely misses you.
You hit the gnoll but do no damage. The gnoll barely misses you.
You barely miss the gnoll. The gnoll hits you with a +0 flail.
You barely miss the gnoll. The gnoll barely misses you.
You barely miss the gnoll. The gnoll misses you.
You hit the gnoll.
The gnoll is lightly wounded.
The gnoll barely misses you.
You barely miss the gnoll.
The gnoll is lightly wounded.
The gnoll hits you with a +0 flail!
Ouch! That really hurt!
You die...

........)......
###+################
#....# #....#######
#..........#
#.....###### ###'#.#
#.#.#
#@#.##############
#g#...............
#.################
#.# #.# #.# #.# #.#


You could see a gnoll.

Vanquished Creatures
  A dart slug (D:1)
  2 endoplasms (D:1)
  2 goblins (D:1)
  A hobgoblin (D:1)
  A quokka (D:1)
  2 ball pythons (D:1)
  2 bats (D:1)
  A kobold (D:1)
  3 rats (D:1)
15 creatures vanquished.

Notes
Turn   | Place    | Note
-------+----------+-------------------------------------------
     0 | D:1      | monsoonserge the Spriggan Enchanter began the quest for the
                  | Orb.
     0 | D:1      | Reached XP level 1. HP: 9/9 MP: 5/5
   155 | D:1      | Reached XP level 2. HP: 13/13 MP: 6/6
   355 | D:1      | Slain by a gnoll

Illustrated notes

Levels and vault maps discovered:
D:1:      dpeg_arrival_rhombus, layout_basic

Skill      XL: |  1 |
---------------+----+-----
Hexes          | 4 |  4.3
Short Blades   | |  1.2
Dodging        | |  2.9
Stealth        | |  4.7
Spellcasting   | |  2.7

Action                     || total
---------------------------++-------
  Melee: Dagger            ||    39
         Punch             ||     1
   Stab: Sleeping          ||     4
 Armour: Robe              ||     2
  Dodge: Dodged            ||    24
